 Dungeon Crawl Stone Soup version 0.28-a0-768-g8c92f1e708 (webtiles) character file.

Game seed: 16270549601230370432

5 Astera the Skirmisher (level 1, 0/19 HPs)
             Began as a Palentonga Fighter on Oct 31, 2021.
             Succumbed to a kobold's poison
             ... on level 1 of the Dungeon.
             The game lasted 00:01:26 (168 turns).

Astera the Skirmisher (Palentonga Fighter)           Turns: 168, Time: 00:01:26

Health: 0/19       AC:  6    Str: 19    XL:     1   Next: 66%
Magic:  1/1        EV:  7    Int:  8    God:
Gold:   0          SH:  4    Dex:  9    Spells: 0/0 levels left

rFire   . . .      SeeInvis +   a - +0 flail
rCold   . . .      Faith    .   c - +0 buckler
rNeg    . . .      Spirit   .   b - +0 scale mail
rPois   .          Reflect  .   (no helmet)
rElec   .          Harm     .   (no cloak)
rCorr   .          Rampage  .   (no gloves)
Will    .....                   (no barding)
Stlth   ..........              (no amulet)
HPRegen 0.06/turn               (no ring)
MPRegen 0.07/turn               (no ring)

@: lethally poisoned (0 -> -2)
A: large, rugged brown scales 3, see invisible, deformed body, roll 1, armoured
tail
a: Rolling Charge


You were on level 1 of the Dungeon.
You visited 1 branch of the dungeon, and saw 1 of its levels.

Inventory:

Hand Weapons
 a - a +0 flail (weapon)
Armour
 b - a +0 scale mail (worn)
 c - a +0 buckler (worn)
Potions
 d - a potion of might


   Skills:
 + Level 3.1 Fighting
 + Level 2.0 Maces & Flails
 + Level 2.5 Armour
 + Level 2.5 Shields


You couldn't memorise any spells.
You didn't know any spells.
Your spell library was empty.

Dungeon Overview and Level Annotations

Branches:
Dungeon (1/15)

Altars:


Innate Abilities, Weirdness & Mutations

You are completely covered in rugged brown scales. (AC +3, +7% HP)
You have supernaturally acute eyesight. (SInv)
Armour fits poorly on your strangely shaped body.
You can roll at nearby foes to attack.
You have a long armoured tail.


Message History

The endoplasm quivers.
An endoplasm is nearby!
You roll forward with a clatter of scales!
You sock the endoplasm!
You kill the endoplasm!
Found a dagger.
A kobold comes into view. It is wielding a +1 dagger of venom.
The kobold shouts!
The kobold throws a stone.
The stone hits you but does no damage.
You roll forward with a clatter of scales!
Your scale mail prevents you from hitting the kobold.
You hear an angry hiss. x3
The kobold hits you with a +1 dagger of venom.
You are poisoned.
The kobold hits you but does no damage.
You barely miss the kobold.
You feel sick.
The kobold hits you with a +1 dagger of venom.
You are lethally poisoned!
You closely miss the kobold. You tail-slap the kobold.
You kill the kobold!
You feel very sick.
A frilled lizard comes into view.
There is a lethal amount of poison in your body!
You feel sick.
Okay, then.
* * * LOW HITPOINT WARNING * * *
You feel sick.
A rat comes into view.
* * * LOW HITPOINT WARNING * * *
You feel sick.
* * * LOW HITPOINT WARNING * * *
You feel sick.
* * * LOW HITPOINT WARNING * * *
You feel sick.
Okay, then.
You aren't carrying any scrolls.
Okay, then.
* * * LOW HITPOINT WARNING * * *
You feel sick.
You die...

...... ..... ..... #.#
#### ...### ...l##.#
#...#####.. ....#.#
.#.8.......8 ...#.#
.#.......... r.#.#
..###.......#
#)#.###....#...<...#
#.#........#.......#
#.#@.......#.......#
#..........#.......#
###........#.......#
#........###...###
#..........#'''#.. #
#.................
#.#.#+#.....♣.....♣.
##+##.#.#.#.............
........#.#.....♣.....♣.


There were no monsters in sight!

Vanquished Creatures
  2 endoplasms (D:1)
  A hobgoblin (D:1)
  A kobold (D:1)
4 creatures vanquished.

Vanquished Creatures (others)
  3 plants (D:1)
3 creatures vanquished.

Grand Total: 7 creatures vanquished

Notes
Turn   | Place    | Note
-------+----------+-------------------------------------------
     0 | D:1      | Astera the Palentonga Fighter began the quest for the Orb.
     0 | D:1      | Reached XP level 1. HP: 19/19 MP: 1/1
   168 | D:1      | Succumbed to a kobold's poison

Illustrated notes

Levels and vault maps discovered:
D:1:      wander_arrival_estate, layout_basic,
          hellmonk_ecumenical_altar_crossroads, minmay_lizard_king

Action                   || total
-------------------------++-------
Melee: Flail             ||     9
       Tailslap          ||     1
 Abil: Rolling Charge    ||     3
Armor: Scale mail        ||     3
Dodge: Dodged            ||     2

Table legend: (Time is in decaauts)
 A = Elapsed time spent in this place.
 B = Non-inter-level travel time spent in this place.
 C = Inter-level travel time spent in this place.
 D = Time resting spent in this place.
 E = Time spent auto-exploring this place.
 F = Levels seen in this place.
 G = Mean time per level.
                   A        B        C        D        E       F      G
               +--------+--------+--------+--------+--------+-----+--------+
         Total |    170 |    170 |      0 |      0 |    120 |   1 |  170.0 |
       Dungeon |    170 |    170 |      0 |      0 |    120 |   1 |  170.0 |
               +--------+--------+--------+--------+--------+-----+--------+

Top non-repeatable levels by time:
     D:1: 170 daAuts
